 Dungeon Crawl Stone Soup version 0.29-a0-1047-g7c58e119a4 (webtiles) character file.

Game seed: 1297627235149755505

271 siradein the Changer (level 6, 0/42 HPs)
             Began as an Octopode Transmuter on Aug 17, 2022.
             Slain by a phantom (6 damage)
             ... on level 4 of the Dungeon.
             The game lasted 00:05:11 (3635 turns).

siradein the Changer (Octopode Transmuter)          Turns: 3635, Time: 00:05:12

Health: 0/42       AC:  1    Str:  9    XL:     6   Next: 23%
Magic:  10/10      EV: 13    Int: 17    God:
Gold:   148        SH:  0    Dex: 13    Spells: 4/10 levels left

rFire   . . .      SeeInvis .     - Unarmed
rCold   . . .      Faith    .   (no shield)
rNeg    . . .      Spirit   .   (helmet restricted)
rPois   .          Reflect  .   (no amulet)
rElec   .          Harm     .   (no ring)
rCorr   .          Rampage  .   (no ring)
Will    .....                   (no ring)
Stlth   ++........              (no ring)
HPRegen 0.14/turn               (no ring)
MPRegen 0.12/turn               (no ring)
                                (no ring)
                                (no ring)

@: no status effects
A: almost no armour, amphibious, 8 rings, camouflage 1, gelatinous body 1,
(nimble swimmer 1), tentacles
a: no special abilities


You were on level 4 of the Dungeon.
You visited 1 branch of the dungeon, and saw 4 of its levels.

You collected 148 gold pieces.

Inventory:

Missiles
 k - 2 throwing nets
Scrolls
 d - a scroll of vulnerability {unknown}
 e - a scroll of enchant armour {unknown}
 g - 2 scrolls of enchant weapon {unknown}
 h - 6 scrolls of teleportation {unknown}
 i - a scroll of fear {unknown}
 o - a scroll of brand weapon {unknown}
 q - a scroll of immolation {unknown}
Potions
 a - 4 potions of lignification
 b - a potion of ambrosia
 c - a potion of might
 f - a potion of flight
 j - 2 potions of brilliance
 p - 2 potions of heal wounds


   Skills:
 + Level 3.5 Fighting
 - Level 2.0 Dodging
 - Level 3.0 Unarmed Combat
 + Level 2.8 Spellcasting
 + Level 4.0 Transmutations
 + Level 2.4 Poison Magic


You had 4 spell levels left.
You knew the following spells:

 Your Spells              Type           Power      Damage    Failure   Level
a - Beastly Appendage     Tmut           32%        N/A       3%          1
b - Wereblood             Tmut           16%        N/A       4%          2
c - Spider Form           Tmut/Pois      13%        N/A       14%         3

Your spell library contained the following spells:

 Spells                   Type           Power      Damage    Failure   Level
 Gell's Gravitas          Tloc           2%         N/A       47%         3
 Teleport Other           Tloc           2%         N/A       47%         3
 Ice Form                 Ice/Tmut       9%         N/A       58%         4
 Dispersal                Tloc           1%         N/A       100%        6


Dungeon Overview and Level Annotations

Branches:
Dungeon (4/15)
 Temple: D:4-7

Altars:
Qazlal


Innate Abilities, Weirdness & Mutations

You cannot wear most types of armour.
You are amphibious.
You can wear up to eight rings at the same time.
Your skin changes colour to match your surroundings (Stealth+).
Your rubbery body absorbs attacks. (AC +1, EV +1)
((You are camouflaged when in or above water. (Stealth+)))
You have tentacles for arms and can constrict up to eight enemies at once.


Message History

You feel much better.
You feel sick. The adder misses you. The phantom barely misses you.
You closely miss the adder. Your grab misses the adder.
You feel sick. The adder closely misses you. The phantom closely misses you.
You barely miss the adder. You grab the adder.
You pierce the adder.
You squeeze the adder.
The adder is heavily wounded.
You constrict the adder.
You feel sick. The adder bites you.
You are more poisoned.
The adder poisons you! The phantom completely misses you.
You tentacle-slap the adder.
You feel a bit better.
You kill the adder!
Your primal bloodlust has ended.
You feel sick. The phantom barely misses you.
You tentacle-slap the endoplasm.
You pierce the endoplasm.
You squeeze the endoplasm.
You kill the endoplasm!
You feel sick. The phantom hits you.
Your tentacle spike disappears.
You feel sick. The phantom completely misses you.
You feel sick. The phantom misses you.
You feel sick. The phantom barely misses you.
You feel sick. The phantom completely misses you.
You feel sick. The phantom misses you.
You barely miss the phantom.
The phantom is moderately damaged.
You feel sick.
You are no longer poisoned.
You closely miss the phantom.
The phantom is moderately damaged.
The phantom hits you!
* * * LOW HITPOINT WARNING * * *
You closely miss the phantom.
The phantom is moderately damaged.
The phantom hits you.
* * * LOW HITPOINT WARNING * * *
You tentacle-slap the phantom. Your squeeze misses the phantom.
The phantom is moderately damaged.
The phantom hits you.
You die...

# #..........
#.. ..........
##..###.........
#......<........
#...............
##..............
#..............
+.......†.....h
##.@W..........
#.............
#..###.##.$...
#.## #..)##...
#.. ###..##..
#.. .# .. ##. #
#. #.


You could see a phantom.

Vanquished Creatures
  A hound (D:4)
  2 orc priests (D:3)
  Jessica (D:2)
  2 orc wizards (D:3)
  3 adders
  2 worms (D:2)
  A dart slug (D:3)
  2 orcs (D:3)
  3 ball pythons
  5 bats
  8 endoplasms
  6 goblins
  4 hobgoblins
  3 jackals (D:1)
  7 kobolds
  7 quokkas
  7 frilled lizards
  7 rats
71 creatures vanquished.

Notes
Turn   | Place    | Note
-------+----------+-------------------------------------------
     0 | D:1      | siradein the Octopode Transmuter began the quest for the
                  | Orb.
     0 | D:1      | Reached XP level 1. HP: 13/13 MP: 3/3
   160 | D:1      | Reached XP level 2. HP: 11/18 MP: 3/5
   860 | D:1      | Learned a level 2 spell: Wereblood
   901 | D:1      | Reached XP level 3. HP: 21/24 MP: 4/6
  1125 | D:1      | Found a faded altar of an unknown god.
  1447 | D:2      | Reached skill level 3 in Transmutations
  2250 | D:2      | Reached XP level 4. HP: 16/30 MP: 5/7
  2686 | D:2      | Learned a level 3 spell: Spider Form
  2754 | D:2      | Noticed Jessica
  2762 | D:2      | Killed Jessica
  3003 | D:3      | Reached skill level 1 in Poison Magic
  3003 | D:3      | Reached XP level 5. HP: 30/36 MP: 6/8
  3285 | D:3      | Found a stormy altar of Qazlal.
  3320 | D:3      | Reached XP level 6. HP: 42/42 MP: 8/10
  3611 | D:4      | Reached skill level 4 in Transmutations
  3621 | D:4      | HP: 1/42 [adder (2)]
  3635 | D:4      | Slain by a phantom

Illustrated notes

Levels and vault maps discovered:
D:1:      minmay_arrival_solitary_statue, layout_rooms,
          shapermc_ecumenical_altar_acropolis
D:2:      minmay_chambers_of_twos, layout_rooms, kennysheep_jessica_study
D:3:      wad_crossroads, layout_basic, mainiacjoe_overflow_chevrons,
          guppyfry_early_lair_pool
D:4:      corexii_shantytown, layout_cave_pools,
          minmay_temple_entry_statues_fountains, enter_ossuary_2,
          serial_demonic, serial_demonic_e, serial_demonic_b, serial_demonic_c,
          serial_demonic_c

Skill      XL: |  1  2  3  4  5  6 |
---------------+-------------------+-----
Fighting       | 2 3 |  3.5
Transmutations | 3 4 |  4.0
Poison Magic   | 1 2 |  2.4
Dodging        | |  2.0
Unarmed Combat | |  3.0
Spellcasting   | |  2.8

Action                   |  1- 3 |  4- 6 || total
-------------------------+-------+-------++-------
Melee: Unarmed           |    82 |    84 ||   166
       Constrict         |    24 |    23 ||    47
       Kick              |    27 |    26 ||    53
       Tentacles         |    16 |    18 ||    34
       Punch             |     2 |     4 ||     6
 Cast: Beastly Appendage |    21 |    16 ||    37
       Wereblood         |       |     3 ||     3
  Use: Scroll            |       |     7 ||     7
       Potion            |       |     1 ||     1
 Stab: Sleeping          |     2 |     4 ||     6
Armor: Skin              |     9 |     4 ||    13
Dodge: Dodged            |    63 |    47 ||   110

Table legend: (Time is in decaauts)
 A = Elapsed time spent in this place.
 B = Non-inter-level travel time spent in this place.
 C = Inter-level travel time spent in this place.
 D = Time resting spent in this place.
 E = Time spent auto-exploring this place.
 F = Levels seen in this place.
 G = Mean time per level.
                   A        B        C        D        E       F      G
               +--------+--------+--------+--------+--------+-----+--------+
         Total |   3624 |   3581 |     43 |      0 |   3150 |   4 |  906.0 |
       Dungeon |   3624 |   3581 |     43 |      0 |   3150 |   4 |  906.0 |
               +--------+--------+--------+--------+--------+-----+--------+

Top non-repeatable levels by time:
     D:2: 1431 daAuts
     D:1: 1367 daAuts
     D:3: 793 daAuts
     D:4: 32 daAuts
